 Dungeon Crawl Stone Soup version 0.28-a0-834-g1a73be5ee4 (webtiles) character file.

Game seed: 11093777442330998961

23 MacCMillion the Magician (level 3, -3/27 HPs)
             Began as a Djinni Venom Mage on Nov 11, 2021.
             Slain by an adder (4 damage)
             ... on level 2 of the Dungeon.
             The game lasted 00:02:23 (1419 turns).

MacCMillion the Magician (Djinni Venom Mage)        Turns: 1419, Time: 00:02:23

Health: -3/27      AC:  2    Str:  8    XL:     3   Next: 10%
Gold:   43         EV: 12    Int: 16    God:
                   SH:  0    Dex: 13

rFire   + + .      SeeInvis .   (no weapon)
rCold   x . .      Faith    .   (no shield)
rNeg    . . .      Spirit   .   a - +0 robe
rPois   ∞          Reflect  .   (no helmet)
rElec   .          Harm     .   (no cloak)
rCorr   .          Rampage  .   (no gloves)
Will    .....                   (boots unavailable)
Stlth   ++........              (no amulet)
HPRegen 0.09/turn               (no ring)
MPRegen 0.00/turn               (no ring)

@: flying
A: sickness immunity, fire resistance 2, cold vulnerability 1, float, innate
caster, hp casting, extra vitality 1
a: no special abilities


You were on level 2 of the Dungeon.
You visited 1 branch of the dungeon, and saw 2 of its levels.

You collected 43 gold pieces.

Inventory:

Missiles
 e - 5 atropa-tipped darts
Armour
 a - a +0 robe (worn)
Jewellery
 g - an amulet of faith
Scrolls
 c - a scroll of blinking {unknown}
Potions
 b - a potion of haste {unknown}
 d - 3 potions of curing {unknown}
 f - a potion of brilliance {unknown}


   Skills:
 + Level 1.1 Fighting
 - Level 2.2 Dodging
 - Level 1.5 Stealth
 * Level 3.0 Spellcasting


You couldn't memorise any spells.
You knew the following spells:

 Your Spells              Type           Power      Damage    Failure   Level
a - Sting                 Tmut/Pois      48%        1d5       5%          1
b - Poisonous Vapours     Pois/Air       24%        N/A       9%          2
c - Mephitic Cloud        Conj/Pois/Air  12%        N/A       16%         3
d - Olgreb's Toxic Radia  Pois           12%        N/A       47%         4
e - Animate Skeleton      Necr           24%        N/A       5%          1
Your spell library was empty.

Dungeon Overview and Level Annotations

Branches:
Dungeon (2/15)

Altars:


Innate Abilities, Weirdness & Mutations

You are immune to sickness and miasma.
You are immune to poison.
Your flesh is very heat resistant. (rF++)
You are vulnerable to cold. (rC-)
You float through the air rather than walking.
You learn spells naturally, not from books.
Your magical power is your life essence.
You have superior vitality. (+4 HP)


Message History

Poisonous vapours surround the adder!
The adder is poisoned.
The sting misses the adder.
The adder looks more healthy.
The adder bites you.
The sting misses the adder.
The adder bites you.
The sting misses the adder.
The adder bites you but does no damage.
The sting misses the adder.
The adder bites you but does no damage. The adder bites you.
You are too injured to fight recklessly!
You are too injured to fight recklessly!
Aiming: Sting (safe; 5% risk of failure)
Press: ? - help, Q - select action, (/) - cycle Shift-Dir - straight line, f/p - adder
Aim: an adder (moderately wounded, 53% to hit)
The sting misses the adder.
The adder closely misses you.
Aiming: Sting (safe; 5% risk of failure)
Press: ? - help, Q - select action, (/) - cycle Shift-Dir - straight line, f/p - adder
Aim: an adder (moderately wounded, 53% to hit)
The sting misses the adder.
The adder bites you.
* * * LOW HITPOINT WARNING * * *
Unknown command.
Aiming: Sting (safe; 5% risk of failure)
Press: ? - help, Q - select action, (/) - cycle Shift-Dir - straight line, f/p - adder
Aim: an adder (moderately wounded, 53% to hit)
The sting hits the adder but does no damage.
The adder is poisoned.
The adder is moderately wounded.
* * * LOW HITPOINT WARNING * * *
The adder bites you.
* * * LOW HITPOINT WARNING * * *
Aiming: Sting (safe; 5% risk of failure)
Press: ? - help, Q - select action, (/) - cycle Shift-Dir - straight line, f/p - adder
Aim: an adder (moderately wounded, poisoned, 53% to hit)
The sting hits the adder.
The adder looks even sicker.
The adder is severely wounded.
* * * LOW HITPOINT WARNING * * *
The adder completely misses you. The adder bites you.
* * * LOW HITPOINT WARNING * * *
The adder bites you.
You die...

###############
###
#......<.......
...
#.......#######
#.### #.#####.##
#...####@##......
###....S.....#.#.#
#...)###.###.#.#.#
#.##.# #.# #.# #
... #># #.. ...
#.# #.# #### ...
#.# ### #.# #.#


You could see an adder (very poisoned).

Vanquished Creatures
  A dart slug (D:1)
  5 endoplasms (D:1)
  A giant cockroach (D:1)
  2 goblins (D:1)
  2 hobgoblins (D:1)
  A kobold (D:1)
  2 bats (D:1)
  A frilled lizard (D:1)
  4 rats (D:1)
19 creatures vanquished.

Notes
Turn   | Place    | Note
-------+----------+-------------------------------------------
     0 | D:1      | MacCMillion the Djinni Venom Mage began the quest for the
                  | Orb.
     0 | D:1      | Reached XP level 1. HP: 15/15 MP: 0/0
   332 | D:1      | Reached XP level 2. HP: 19/22 MP: 0/0
   768 | D:1      | Reached skill level 1 in Fighting
  1053 | D:1      | Reached XP level 3. HP: 24/27 MP: 0/0
  1053 | D:1      | Learned a level 1 spell: Animate Skeleton
  1107 | D:1      | Reached skill level 3 in Spellcasting
  1417 | D:2      | HP: 1/27 [adder (4)]
  1419 | D:2      | Slain by an adder

Illustrated notes

Levels and vault maps discovered:
D:1:      dpeg_cavernosity, layout_loops_ring, patterned_corridor
D:2:      layout_loops_ring, serial_shops, shop, uniq_terence

Skill      XL: |  1  2  3 |
---------------+----------+-----
Fighting       | 1 |  1.1
Spellcasting   | 3 |  3.0
Dodging        | |  2.2
Stealth        | |  1.5

Action                   || total
-------------------------++-------
 Cast: Sting             ||    35
       Poisonous Vapours ||     7
Armor: Robe              ||     3
Dodge: Dodged            ||     7

Table legend: (Time is in decaauts)
 A = Elapsed time spent in this place.
 B = Non-inter-level travel time spent in this place.
 C = Inter-level travel time spent in this place.
 D = Time resting spent in this place.
 E = Time spent auto-exploring this place.
 F = Levels seen in this place.
 G = Mean time per level.
                   A        B        C        D        E       F      G
               +--------+--------+--------+--------+--------+-----+--------+
         Total |   1418 |   1363 |     55 |      0 |   1210 |   2 |  709.0 |
       Dungeon |   1418 |   1363 |     55 |      0 |   1210 |   2 |  709.0 |
               +--------+--------+--------+--------+--------+-----+--------+

Top non-repeatable levels by time:
     D:1: 1386 daAuts
     D:2: 32 daAuts
